 Seeded DCSS version 0.30-a0-121-gb27577e5d9 (webtiles) character file.

Game seed: 12025096083975197726 (custom seed)

114 purpskrrrp the Trooper (level 4, -2/35 HPs)
             Began as a Demonspawn Fighter on Sept 14, 2022.
             Slain by an orc priest
             ... wielding a +0 war axe
              (5 damage)
             ... on level 3 of the Dungeon.
             The game lasted 00:03:50 (2897 turns).

purpskrrrp the Trooper (Demonspawn Fighter)         Turns: 2897, Time: 00:03:51

Health: -2/35      AC:  8    Str: 18    XL:     4   Next: 66%
Magic:  4/4        EV:  9    Int:  9    God:
Gold:   140        SH:  5    Dex: 13    Spells: 3/3 levels left

rFire   . . .      SeeInvis .    a - +0 war axe
rCold   . . .      Faith    .    c - +0 buckler
rNeg    . . .      Spirit   .    b - +0 scale mail
rPois   .          Reflect  .    (no helmet)
rElec   .          Harm     .    f - +0 cloak
rCorr   .          Rampage  .    (no gloves)
Will    .....                    g - +0 pair of boots
Stlth   ..........               (no amulet)
HPRegen 0.11/turn                (no ring)
MPRegen 0.18/turn                (no ring)

@: no status effects
A: claws 1, magic regeneration
a: no special abilities


You were on level 3 of the Dungeon.
You visited 1 branch of the dungeon, and saw 3 of its levels.

You collected 140 gold pieces.

Inventory:

Hand Weapons
 a - a +0 war axe (weapon)
Missiles
 j - 3 silver boomerangs (quivered)
 l - 5 boomerangs of dispersal
 s - 4 javelins
Armour
 b - a +0 scale mail (worn)
 c - a +0 buckler (worn)
 f - a +0 cloak (worn)
 g - a +0 pair of boots (worn)
Jewellery
 r - a ring of poison resistance
Wands
 m - a wand of mindburst (17)
 q - a wand of flame (29)
Scrolls
 h - 3 scrolls of identify
 i - a scroll of immolation
 k - a scroll of enchant armour {unknown}
 p - a scroll of blinking {unknown}
Potions
 d - 2 potions of might
 e - a potion of lignification {unknown}
 n - a potion of ambrosia {unknown}
 o - a potion of heal wounds {unknown}


   Skills:
 + Level 3.5 Fighting
 * Level 3.1 Axes
 - Level 2.7 Armour
 + Level 1.4 Dodging
 + Level 3.3 Shields


You had 3 spell levels left.
You didn't know any spells.
Your spell library contained the following spells:

 Spells                   Type           Power      Damage    Failure   Level
 Portal Projectile        Hex/Tloc       0%         N/A       99%         3
 Stone Arrow              Conj/Erth      0%         3d7       99%         3
 Teleport Other           Tloc           0%         N/A       99%         3
 Manifold Assault         Tloc           0%         N/A       100%        4


Dungeon Overview and Level Annotations

Branches:
Dungeon (3/15)

Altars:
Vehumet


Innate Abilities, Weirdness & Mutations

You have sharp fingernails.
You regenerate magic rapidly.


Message History

The orc barely misses you.
You barely miss the orc priest. You slash the orc!
You kill the orc!
The orc priest hits you with a +0 war axe!
You hit the orc priest but do no damage.
The orc priest hits you with a +0 war axe.
You hit the orc priest.
The orc priest is moderately wounded.
The orc priest calls down the wrath of Beogh upon you.
Pain shoots through your body!
The orc priest mumbles some strange prayers to Beogh against you.
You barely resist.
You are too injured to fight recklessly!
You are too injured to fight recklessly!
You are too injured to fight recklessly!
You are too injured to fight recklessly!
You are too injured to fight recklessly!
You are too injured to fight recklessly!
You are too injured to fight recklessly!
You are too injured to fight recklessly!
You are too injured to fight recklessly!
You are too injured to fight recklessly!
You are too injured to fight recklessly!
You are too injured to fight recklessly!
You are too injured to fight recklessly!
You are too injured to fight recklessly!
You are too injured to fight recklessly!
You are too injured to fight recklessly!
You are too injured to fight recklessly!
You are too injured to fight recklessly!
You barely miss the orc priest.
The orc priest is moderately wounded.
The orc priest hits you with a +0 war axe.
* * * LOW HITPOINT WARNING * * *
You slash the orc priest!
The orc priest is almost dead.
The orc priest hits you with a +0 war axe.
* * * LOW HITPOINT WARNING * * *
The orc priest hits you with a +0 war axe.
You die...

#.#.###.........#
#.#.##..#####.###
..#####.#.##.# #÷#
#.........)..# #.#
.#..####.###).## #.#
# ......##.# ##..##
#<# ##
#....#####..####.###.
###..o............##.
##@##.#########.†..
#)## .. ....###...
#.# 8...8..##..# #†#
o.o...o#..#
#.....o.....oo#...
.............$#...
.......8...8..##...
...?..........###..#
........#########...#


You could see an orc priest.

Vanquished Creatures
  A gnoll (D:1)
  2 adders
  A worm (D:2)
  A dart slug (D:1)
  4 orcs (D:3)
  12 ball pythons
  4 bats (D:1)
  8 endoplasms
  5 giant cockroaches
  10 goblins
  7 hobgoblins
  3 kobolds
  2 quokkas (D:3)
  5 frilled lizards
  8 rats
73 creatures vanquished.

Notes
Turn   | Place    | Note
-------+----------+-------------------------------------------
     0 | D:1      | purpskrrrp the Demonspawn Fighter began the quest for the
                  | Orb.
     0 | D:1      | Reached XP level 1. HP: 18/18 MP: 1/1
   221 | D:1      | Gained mutation: You regenerate magic rapidly. [demonic
                  | ancestry]
   221 | D:1      | Reached XP level 2. HP: 18/24 MP: 2/2
   615 | D:1      | Gained mutation: You have sharp fingernails. [demonic
                  | ancestry]
   615 | D:1      | Reached XP level 3. HP: 29/29 MP: 3/3
   886 | D:1      | Found a faded altar of an unknown god.
   888 | D:1      | Prayed at the altar of an unknown god.
   888 | D:1      | Became a worshipper of Vehumet
   888 | D:1      | Reached * piety under Vehumet
   888 | D:1      | Offered knowledge of Foxfire by Vehumet.
   889 | D:1      | Fell from the grace of Vehumet
  1176 | D:1      | Reached skill level 1 in Dodging
  1477 | D:2      | Got Gattus's Opusculum on the Tesseract and the Geologist
  2049 | D:2      | Reached XP level 4. HP: 30/35 MP: 4/4
  2897 | D:3      | Slain by an orc priest

Illustrated notes

Levels and vault maps discovered:
D:1:      lemuel_arrival_cross, layout_loops_ring,
          shapermc_ecumenical_altar_venn, st_stairs_9, minmay_unequal
D:2:      kennysheep_big_flooded_room, layout_loops_corners,
          minmay_misc_feat_doors
D:3:      cheibrodos_pilgrimage, layout_rooms, serial_shops, shop,
          corexii_corridor_pit, grunt_ministairs_9

Skill      XL: |  1  2  3  4 |
---------------+-------------+-----
Axes           | 2 3 |  3.1
Shields        | 3 |  3.3
Dodging        | 1 |  1.4
Fighting       | |  3.5
Armour         | |  2.7

Action                   |  1- 3 |  4- 6 || total
-------------------------+-------+-------++-------
Melee: War axe           |   124 |    55 ||   179
Invok: Renounce Religion |     1 |       ||     1
  Use: Scroll            |     2 |       ||     2
Armor: Scale mail        |    69 |    22 ||    91
Dodge: Dodged            |    71 |    23 ||    94
Block: Buckler           |    34 |    11 ||    45

Table legend: (Time is in decaauts)
 A = Elapsed time spent in this place.
 B = Non-inter-level travel time spent in this place.
 C = Inter-level travel time spent in this place.
 D = Time resting spent in this place.
 E = Time spent auto-exploring this place.
 F = Levels seen in this place.
 G = Mean time per level.
                   A        B        C        D        E       F      G
               +--------+--------+--------+--------+--------+-----+--------+
         Total |   2969 |   2888 |     81 |      0 |   2373 |   3 |  989.7 |
       Dungeon |   2969 |   2888 |     81 |      0 |   2373 |   3 |  989.7 |
               +--------+--------+--------+--------+--------+-----+--------+

Top non-repeatable levels by time:
     D:1: 1315 daAuts
     D:2: 1269 daAuts
     D:3: 385 daAuts
